 Dungeon Crawl Stone Soup version 0.27.1-33-g824d729ab1 (webtiles) character file.

Game seed: 10989897163206712582

720 pkoi the Martial Artist (level 7, -2/57 HPs)
             Began as a Yellow Draconian Monk on Nov 29, 2021.
             Slain by a scorpion (5 damage)
             ... on level 5 of the Dungeon.
             The game lasted 00:05:26 (5380 turns).

pkoi the Martial Artist (Yellow Draconian Monk)     Turns: 5380, Time: 00:05:26

Health: -2/57      AC:  9    Str: 13    XL:     7   Next: 42%
Magic:  7/7        EV: 12    Int: 13    God:
Gold:   162        SH:  0    Dex: 13    Spells: 6/6 levels left

rFire    . . .     SeeInvis .     - Unarmed
rCold    . . .     Faith    .   (no shield)
rNeg     . . .     Spirit   .   (armour unavailable)
rPois    .         Reflect  .   e - +2 hat
rElec    .         Harm     .   (no cloak)
rCorr    +         Rampage  .   (no gloves)
Will     .....                  m - +0 pair of boots
Stlth    ++........             (no amulet)
HPRegen  0.19/turn              d - ring of wizardry
MPRegen  0.10/turn              (no ring)

@: lethally poisoned (-2 -> -10), short of breath
A: spit acid, AC +6, unfitting armour, cold-blooded, acid resistance
a: Breathe Acid


You were on level 5 of the Dungeon.
You visited 1 branch of the dungeon, and saw 5 of its levels.

You collected 162 gold pieces.

Inventory:

Hand Weapons
 k - a +4 dagger of speed
Missiles
 a - a throwing net (quivered)
 j - 28 poisoned darts
Armour
 e - a +2 hat (worn)
 m - a +0 pair of boots (worn)
Jewellery
 d - a ring of wizardry (left hand)
Wands
 f - a wand of flame (38)
 i - a wand of polymorph (7)
Scrolls
 c - 3 scrolls of noise
 g - 3 scrolls of fog
 o - a scroll of magic mapping {unknown}
Potions
 b - 2 potions of brilliance
 h - a potion of attraction
 l - 2 potions of curing {unknown}
 n - a potion of flight {unknown}


   Skills:
 - Level 3.2 Fighting
 - Level 2.6 Dodging
 - Level 1.7 Stealth
 + Level 8.8 Unarmed Combat


You had 6 spell levels left.
You didn't know any spells.
Your spell library contained the following spells:

 Spells                   Type           Power      Damage    Failure   Level
 Conjure Flame            Conj/Fire      0%         6-21      34%         3
 Ignite Poison            Fire/Tmut/Pois 0%         N/A       34%         3
 Sticky Flame             Conj/Fire      0%         2d3       73%         4


Dungeon Overview and Level Annotations

Branches:
Dungeon (5/15)
 Temple: D:4-7

Altars:
Ashenzari

Shops:
D:2 [

Annotations:
D:3 Grinder


Innate Abilities, Weirdness & Mutations

You can spit globs of acid.
Your golden yellow scales are hard. (AC +6)
You cannot fit into any form of body armour.
You are cold-blooded and may be slowed by cold attacks.
You are resistant to acid. (rCorr)


Message History

You are more poisoned.
The scorpion poisons you!
You feel very sick. The scorpion closely misses you.
You barely miss the scorpion.
You feel sick.
The scorpion stings you but does no damage.
You hit the scorpion but do no damage.
You feel sick. The scorpion closely misses you.
Press: ? - help, Shift-Dir - straight line, f - scorpion
Aim: a scorpion You spit a glob of acid.
The glob of acid hits the scorpion!
The scorpion is splashed with acid.
The scorpion is severely wounded.
You feel sick.
The scorpion stings you but does no damage.
You hit the scorpion.
The scorpion is almost dead.
You feel sick.
The scorpion stings you but does no damage.
You barely miss the scorpion.
The scorpion is almost dead.
You feel sick. The scorpion stings you.
* * * LOW HITPOINT WARNING * * *
You are lethally poisoned!
The scorpion poisons you!
You closely miss the scorpion.
The scorpion is almost dead.
* * * LOW HITPOINT WARNING * * *
You feel very sick. The scorpion completely misses you.
You barely miss the scorpion.
You tail-slap the scorpion, but do no damage.
The scorpion is almost dead.
* * * LOW HITPOINT WARNING * * *
You feel sick. The scorpion barely misses you.
You hit the scorpion.
The scorpion is almost dead.
* * * LOW HITPOINT WARNING * * *
You feel sick. The scorpion stings you.
You die...

####.# #.##.#...#
#.###.##.....#
#.....###....#
#########..#.##
#.........## #
#.######...# #######
#.#.>.###..#...#....
#......##........###
##.@...##.###.......
#..s..##.........##
#.....####..###...#
#..............# #
#..(..####.###.####
#.....# #........#
#.....# ###...##.#
####### #.####.#
#....#.#


You could see a scorpion.

Vanquished Creatures
  Eustachio (D:4)
  A necrophage (D:4)
  3 phantoms
  A hound (D:4)
  A centaur skeleton (D:3)
  Ijyb (D:3)
  An orc wizard (D:3)
  A scorpion zombie (D:4)
  A hound skeleton (D:4)
  3 gnolls (D:3)
  3 adders
  A dart slug (D:2)
  4 orcs
  9 ball pythons
  5 bats
  6 endoplasms
  5 giant cockroaches
  7 goblins
  10 hobgoblins
  2 jackals (D:3)
  A quokka (D:3)
  6 frilled lizards
  8 kobolds
  8 rats
89 creatures vanquished.

Notes
Turn   | Place    | Note
-------+----------+-------------------------------------------
     0 | D:1      | pkoi the Draconian Monk began the quest for the Orb.
     0 | D:1      | Reached XP level 1. HP: 19/19 MP: 1/1
   461 | D:1      | Reached XP level 2. HP: 18/26 MP: 2/2
   743 | D:1      | Reached skill level 4 in Unarmed Combat
  1214 | D:1      | Found a faded altar of an unknown god.
  1441 | D:1      | Reached XP level 3. HP: 31/31 MP: 3/3
  1854 | D:2      | Found Ferautec's Armour Emporium.
  1988 | D:2      | Found a broken altar of Ashenzari.
  2146 | D:3      | Reached XP level 4. HP: 6/38 MP: 4/4
  2494 | D:3      | Reached skill level 5 in Unarmed Combat
  3106 | D:3      | Reached XP level 5. HP: 30/45 MP: 5/5
  3310 | D:3      | Noticed Grinder
  3322 | D:3      | Noticed a phantom
  3472 | D:3      | Paralysed by Grinder for 2 turns
  3548 | D:3      | Killed a phantom
  3549 | D:3      | Reached skill level 6 in Unarmed Combat
  3562 | D:4      | Noticed Ijyb
  3868 | D:4      | Noticed a necrophage
  3887 | D:4      | Killed a necrophage
  3888 | D:4      | Reached skill level 7 in Unarmed Combat
  3888 | D:4      | Reached XP level 6. HP: 29/51 MP: 6/6
  4180 | D:3      | Killed Ijyb
  4641 | D:4      | Noticed Eustachio
  4723 | D:4      | Killed Eustachio
  4724 | D:4      | Reached skill level 8 in Unarmed Combat
  4724 | D:4      | Your scales start taking on a golden yellow colour.
  4724 | D:4      | Reached XP level 7. HP: 40/57 MP: 7/7
  4724 | D:4      | Gained mutation: You are resistant to acid. (rCorr) [Yellow
                  | Draconian growth]
  5104 | D:5      | Entered Level 5 of the Dungeon
  5380 | D:5      | Slain by a scorpion

Illustrated notes

Levels and vault maps discovered:
D:1:      evilmike_arrival_hilbert_curve, layout_loops_ring,
          ebering_ecumenical_altar_hall
D:2:      layout_rooms, serial_shops, nicolae_square_shop, basic_altar
D:3:      minmay_skewed_foursquare, layout_loops_corners, minmay_cupped,
          uniq_grinder
D:4:      layout_rooms, hangedman_decor_riveting, uniq_eustachio, uniq_ijyb
D:5:      layout_basic, hangedman_abyss_or_decor_stagger

Skill      XL: |  1  2  3  4  5  6 |
---------------+-------------------+-----
Unarmed Combat | 4 5 7 8 |  8.8
Fighting       | |  3.2
Dodging        | |  2.6
Stealth        | |  1.7

Action                   |  1- 3 |  4- 6 |  7- 9 || total
-------------------------+-------+-------+-------++-------
Melee: Unarmed           |   127 |   177 |    36 ||   340
       Tailslap          |    13 |    24 |     4 ||    41
       Punch             |       |     8 |     1 ||     9
 Abil: Breathe Acid      |       |       |     1 ||     1
  Use: Scroll            |     4 |     4 |       ||     8
       Potion            |     2 |       |       ||     2
 Stab: Sleeping          |     4 |     3 |       ||     7
Armor: Skin              |    36 |    60 |    11 ||   107
Dodge: Dodged            |    74 |   134 |    15 ||   223
